 Dungeon Crawl Stone Soup version 0.21.1 (webtiles) character file.

227 letownia2 the Conjurer (level 6, 14/34 HPs)
             Began as a Gargoyle Wizard on Feb 3, 2018.
             Quit the game on level 2 of the Dungeon.
             The game lasted 00:02:58 (956 turns).

letownia2 the Conjurer (Gargoyle Wizard)             Turns: 956, Time: 00:02:58

Health: 14/34      AC:  6    Str: 11    XL:     6   Next: 2%
Magic:  2/11       EV: 12    Int: 20    God:
Gold:   19         SH:  0    Dex:  8    Spells: 1/11 levels left

rFire    . . .     SeeInvis .   h - +0 short sword
rCold    . . .     Gourm    .   (no shield)
rNeg     + . .     Faith    .   a - +0 robe
rPois    ∞         Spirit   .   b - +0 hat
rElec    +         Reflect  .   (no cloak)
rCorr    .         Harm     .   (no gloves)
MR       .....                  (no boots)
Stlth    ++........             (no amulet)
HPRegen  0.11/turn              (no ring)
MPRegen  0.12/turn              (no ring)

@: very slightly contaminated
A: negative energy resistance 1, electricity resistance, unbreathing,
petrification resistance, rot immunity, AC +4
a: no special abilities


You were on level 2 of the Dungeon.
You were not hungry.

You visited 1 branch of the dungeon, and saw 3 of its levels.

You collected 19 gold pieces.

Inventory:

Hand Weapons
 h - a +0 short sword (weapon)
Armour
 a - a +0 robe (worn)
 b - a +0 hat (worn)
 l - a +0 ring mail
Scrolls
 e - a scroll of amnesia {unknown}
 f - 2 scrolls of remove curse {unknown}
 g - 2 scrolls of teleportation {unknown}
 k - a scroll of identify {unknown}
Books
 c - a book of Minor Magic

   Spells                             Type                      Level
   a - Magic Dart                     Conjuration                  1
   b - Blink                          Translocation                2
   c - Call Imp                       Summoning                    2
   d - Slow                           Hexes                        2
   e - Conjure Flame                  Conjuration/Fire             3
   f - Mephitic Cloud                 Conjuration/Poison/Air       3
 j - a book of Misfortune

   Spells                             Type                      Level
   a - Confusing Touch                Hexes                        1
   b - Confuse                        Hexes                        3
   c - Gell's Gravitas                Translocation                3
   d - Petrify                        Transmutation/Earth          4
   e - Metabolic Englaciation         Hexes/Ice                    5
   f - Yara's Violent Unravelling     Hexes/Transmutation          5
Comestibles
 d - a ration
 i - 7 chunks of flesh


   Skills:
 + Level 1.6 Fighting
 - Level 1.5 Dodging
 - Level 2.1 Stealth
 + Level 3.3 Spellcasting
 + Level 3.9 Conjurations
 + Level 0.2 Hexes
   Level 0.8 Summonings
 + Level 1.0 Translocations
 + Level 1.6 Fire Magic
 + Level 1.3 Air Magic
 + Level 1.7 Poison Magic


You had one spell level left.
You knew the following spells:

 Your Spells              Type           Power        Failure   Level  Hunger
a - Magic Dart            Conj           ###.         2%          1    None
b - Blink                 Tloc           N/A          14%         2    ##.....
c - Conjure Flame         Conj/Fire      ##......     13%         3    ###....
d - Confusing Touch       Hex            #.....       13%         1    None
e - Mephitic Cloud        Conj/Pois/Air  ##......     16%         3    ###....


Dungeon Overview and Level Annotations

Branches:
Dungeon (3/15)

Altars:


Innate Abilities, Weirdness & Mutations

You are resistant to torment.
Your stone body is resilient. (AC +4)
You are immune to poison.
You resist negative energy. (rN+)
You are resistant to electric shocks. (rElec)
You can survive without breathing.
You are immune to petrification.
You are immune to rotting.


Message History

Press: ? - help, Shift-Dir - straight line, f/p - orc wizard
Aim: an orc wizard, wielding a dagger and wearing a robe (almost dead)
The magic dart hits the orc wizard.
The orc wizard is almost dead.
The orc wizard casts a spell at you. The magic dart hits you!
Casting: Magic Dart
Confirm with . or Enter, or press ? or * to list all spells.
Aiming: Magic Dart
Press: ? - help, Shift-Dir - straight line, f/p - orc wizard
Aim: an orc wizard, wielding a dagger and wearing a robe (almost dead)
The magic dart hits the orc wizard.
You kill the orc wizard!
Your Translocations skill increases to level 1!
You have reached level 6!
Your experience leads to an increase in your attributes!
Increase (S)trength, (I)ntelligence, or (D)exterity?
You feel clever.
Unknown command.
Are you sure you want to abandon this character and quit the game? (Confirm with "yes".)

...# .... ..# ....# ... ≈≈
.... ... ≈# #... ##.## .≈#
#... ... ..≈# #..# #.##.#≈#
#..# ##@.....+ #... #
#).....≈# #..#
###.###..####≈# #...
.#........##..≈# #...
...#^##..##..#≈## ##...
..(.....###.##§≈######....
....(.....................
#####.##..############....
######.#..###..........)...


There were no monsters in sight!

Vanquished Creatures
  Sigmund (D:2)
  An orc wizard (D:2)
  4 adders
  A bat (D:2)
  A giant cockroach (D:2)
  3 goblins
  7 frilled lizards
  2 kobolds
  A rat (D:1)
21 creatures vanquished.

Vanquished Creatures (others)
  7 toadstools (D:1)
7 creatures vanquished.

Grand Total: 28 creatures vanquished

Notes
Turn   | Place    | Note
-------+----------+-------------------------------------------
     0 | D:1      | letownia2 the Gargoyle Wizard began the quest for the Orb.
     0 | D:1      | Reached XP level 1. HP: 10/10 MP: 4/4
   323 | D:2      | Reached XP level 2. HP: 15/15 MP: 0/6
   385 | D:2      | Noticed Sigmund
   392 | D:1      | Reached XP level 3. HP: 14/19 MP: 0/7
   397 | D:1      | Learned a level 3 spell: Mephitic Cloud
   401 | D:1      | Learned a level 3 spell: Conjure Flame
   759 | D:2      | Killed Sigmund
   759 | D:2      | Reached skill level 1 in Fighting
   759 | D:2      | Reached skill level 1 in Fire Magic
   759 | D:2      | Reached skill level 1 in Air Magic
   759 | D:2      | Reached skill level 1 in Poison Magic
   759 | D:2      | Reached XP level 4. HP: 22/25 MP: 0/8
   759 | D:2      | Reached XP level 5. HP: 26/29 MP: 0/9
   767 | D:2      | Learned a level 2 spell: Blink
   803 | D:2      | Learned a level 1 spell: Confusing Touch
   955 | D:2      | Reached skill level 1 in Translocations
   955 | D:2      | Reached XP level 6. HP: 14/34 MP: 1/11
   956 | D:2      | Quit the game

Skill      XL: |  1  2  3  4  5 |
---------------+----------------+-----
Conjurations   | 2 3 |  3.9
Fighting       | 1 |  1.6
Fire Magic     | 1 |  1.6
Air Magic      | 1 |  1.3
Poison Magic   | 1 |  1.7
Translocations | 1 |  1.0
Dodging        | |  1.5
Stealth        | |  2.1
Spellcasting   | |  3.3
Hexes          | |  0.2
Summonings     | |  0.8

Action                   |  1- 3 |  4- 6 || total
-------------------------+-------+-------++-------
Melee: Short sword       |    21 |     4 ||    25
       Unarmed           |     1 |       ||     1
 Cast: Magic Dart        |    38 |    17 ||    55
       Mephitic Cloud    |     2 |       ||     2
 Stab: Confused          |     2 |       ||     2
Armor: Robe              |    14 |     4 ||    18
Dodge: Dodged            |    26 |     6 ||    32
